 Dungeon Crawl Stone Soup version 0.27.1-33-g824d729ab1 (webtiles) character file.

Game seed: 10356459020080328955

7829 potato4science the Unseen (level 11, -7/75 HPs)
             Began as an Octopode Artificer on Dec 15, 2021.
             Was an Initiate of Gozag.
             Mangled by a komodo dragon (25 damage)
             ... on level 10 of the Dungeon.
             The game lasted 01:53:12 (20085 turns).

potato4science the Unseen (Octopode Artificer)     Turns: 20085, Time: 01:53:13

Health: -7/75      AC:  5    Str: 12    XL:     11   Next: 21%
Magic:  14/14      EV: 18    Int: 16    God:    Gozag
Gold:   1373       SH:  9    Dex:  9    Spells: 12/14 levels left

rFire    + + +     SeeInvis .     - Unarmed
rCold    . . .     Faith    .   o - +0 buckler {rPois}
rNeg     . . .     Spirit   .   (helmet currently unavailable)
rPois    +         Reflect  +   f - amulet of reflection
rElec    .         Harm     .   a - +4 ring of evasion
rCorr    +         Rampage  .   n - ring of flight
Will     +....                  p - ring of resist corrosion
Stlth    +++++++...             s - ring of Spontaneous Combustion {rF+++ Will+ AC+4 Dex-4}
HPRegen  0.22/turn              (no ring)
MPRegen  0.14/turn              (no ring)
                                (no ring)
                                (no ring)

@: appendages (expiring), gold aura, flying, studying Stealth
A: tentacle spike 3, almost no armour, amphibious, 8 rings, camouflage 1,
gelatinous body 1, (nimble swimmer 1), tentacles
a: End Transformation, Renounce Religion, Potion Petition, Call Merchant, Bribe
Branch


You were on level 10 of the Dungeon.
You worshipped Gozag.
Gozag was most pleased with you.
One of your tentacles had grown a beastly spike.
You visited 2 branches of the dungeon, and saw 11 of its levels.
You also visited: Sewer and Bailey.

You collected 1508 gold pieces.
You paid 135 gold pieces to Gozag.

Inventory:

Hand Weapons
 F - a +5 scimitar of holy wrath
 G - a +5 war axe of distortion
Missiles
 g - 124 bolts
 h - 109 sling bullets
 l - 47 poisoned darts
 u - 6 throwing nets
 C - 7 boomerangs (quivered)
Armour
 o - a +0 buckler of poison resistance (worn)
Magical Staves
 k - a staff of cold
 y - a staff of air
 K - a staff of cold
Jewellery
 a - a +4 ring of evasion (left tentacle)
 f - an amulet of reflection (around mantle)
 n - a ring of flight (right tentacle)
 p - a ring of resist corrosion (on tentacle)
 s - the ring of Spontaneous Combustion (on tentacle) {rF+++ Will+ AC+4 Dex-4}
   (You acquired it on level 4 of the Dungeon)

   [ring of protection]

   AC:        It affects your AC (+4).
   Dex:       It affects your dexterity (-4).
   rF:        It renders you almost immune to fire.
   Will:      It increases your willpower.
 B - an amulet of guardian spirit
Wands
 b - a wand of flame (30)
 c - a wand of charming (22)
 v - a wand of acid (9)
 D - a wand of digging (5)
 H - a wand of iceblast (8)
Scrolls
 e - 3 scrolls of teleportation
 i - a scroll of holy word
 w - a scroll of summoning {unknown}
 E - a scroll of vulnerability {unknown}
 I - a scroll of enchant weapon
 L - a scroll of blinking {unknown}
Potions
 j - a potion of heal wounds
 m - a potion of haste
 q - 2 potions of lignification {unknown}
 r - 2 potions of cancellation {unknown}
 t - a potion of brilliance {unknown}
 x - a potion of degeneration {unknown}
 z - 2 potions of curing
 A - 2 potions of attraction {unknown}
 J - a potion of magic {unknown}
Miscellaneous
 d - a piece from Xom's chessboard (15/15)


   Skills:
 - Level 7.0 Fighting
 - Level 7.0 Dodging
 + Level 16.7 Stealth
 - Level 4.0 Shields
 - Level 7.0 Unarmed Combat
 - Level 2.0 Spellcasting
 - Level 2.0 Translocations
 - Level 3.0 Transmutations
 - Level 4.0 Evocations


You had 12 spell levels left.
You knew the following spells:

 Your Spells              Type           Power      Damage    Failure   Level
a - Beastly Appendage     Tmut           22%        N/A       6%          1
b - Apportation           Tloc           16%        N/A       9%          1

Your spell library contained the following spells:

 Spells                   Type           Power      Damage    Failure   Level
 Wereblood                Tmut           11%        N/A       9%          2
 Animate Skeleton         Necr           2%         N/A       21%         1
 Corona                   Hex            1%         N/A       21%         1
 Magic Dart               Conj           4%         1d3       21%         1
 Pain                     Necr           4%         1d4       21%         1
 Summon Small Mammal      Summ           4%         N/A       21%         1
 Call Imp                 Summ           1%         N/A       30%         2
 Slow                     Hex            1%         N/A       30%         2
 Static Discharge         Conj/Air       1%         N/A       30%         2
 Spider Form              Tmut/Pois      3%         N/A       32%         3
 Confusing Touch          Hex            1%         N/A       52%         3
 Mephitic Cloud           Conj/Pois/Air  1%         N/A       52%         3
 Stone Arrow              Conj/Erth      2%         3d7       52%         3
 Vampiric Draining        Necr           0%         2d6       52%         3
 Passage of Golubria      Tloc           N/A        N/A       65%         4
 Yara's Violent Unravell  Hex/Tmut       3%         3d4       97%         5
 Lightning Bolt           Conj/Air       0%         1d11      99%         5
 Silence                  Hex/Air        0%         N/A       99%         5
 Lehudib's Crystal Spear  Conj/Erth      0%         10d2      100%        8
 Maxwell's Capacitive Co  Air            0%         ∞         100%        8
 Animate Armour           Summ/Erth      Unusable   N/A       N/A         4

Dungeon Overview and Level Annotations

Branches:
Dungeon (10/15)            Temple (1/1) D:7            Lair (0/6) D:10
  Sewer (visited)          Bailey (visited)
    Orc: D:9-12

Altars:
Cheibriados
Dithmenos
Elyvilon
Fedhas
Gozag
Hepliaklqana
Kikubaaqudgha
Makhleb
Nemelex Xobeh
Okawaru
Qazlal
Ru
Sif Muna
Trog
Uskayaw
Vehumet
Wu Jian
Xom
Yredelemnul
Zin
The Shining One

Annotations:
D:6 exclusion: statue
D:8 2 transporters


Innate Abilities, Weirdness & Mutations

One of your tentacles has grown a beastly spike.
You cannot wear most types of armour.
You are amphibious.
You can wear up to eight rings at the same time.
Your skin changes colour to match your surroundings (Stealth+).
Your rubbery body absorbs attacks. (AC +1, EV +1)
((You are camouflaged near water. (Stealth+)))
You have tentacles for arms and can constrict up to eight enemies at once.


Message History

You feel much better.
You constrict the scorpion. You constrict the vampire mosquito.
You feel sick.
The vampire mosquito completely misses you.
The komodo dragon closely misses you. The scorpion closely misses you.
You closely miss the komodo dragon. You constrict the scorpion.
You constrict the vampire mosquito. The vampire mosquito barely misses you.
You block the scorpion's attack. The vampire mosquito misses you.
The komodo dragon misses you.
You closely miss the komodo dragon.
Your transformation is almost over.
You constrict the scorpion.
You kill the scorpion!
You constrict the vampire mosquito.
You feel sick. The vampire mosquito barely misses you.
You block the komodo dragon's attack.
You tentacle-slap the komodo dragon.
You pierce the komodo dragon, but do no damage.
The komodo dragon is lightly wounded.
You constrict the vampire mosquito.
You feel sick. The vampire mosquito bites you!
The vampire mosquito draws strength from your injuries!
You block the vampire mosquito's attack.
You tentacle-slap the komodo dragon.
Your tentacle spike misses the komodo dragon.
The komodo dragon is moderately wounded.
You constrict the vampire mosquito.
You feel sick. The vampire mosquito misses you. The komodo dragon bites you!!
* * * LOW HITPOINT WARNING * * *
The vampire mosquito completely misses you.
You feel better.
You constrict the vampire mosquito.
You destroy the vampire mosquito!
The komodo dragon closely misses you.
You bludgeon the komodo dragon! You squeeze the komodo dragon.
The komodo dragon is heavily wounded.
The komodo dragon bites you!
* * * LOW HITPOINT WARNING * * *
You tentacle-slap the komodo dragon.
The komodo dragon is heavily wounded.
The komodo dragon bites you!!
You die...
Your body crumbles into a pile of gold.

......#...#.......#.........#
[.....###.#.......#.........#
........#.#.......'..######.#####
##......#.#.......#..# ......
.#......#.#.....>.#..# . ......
.###.####.'.......#..#.. .P...W .
##)###..#.......#....P .....) .
#)))##..#......l...P..


PyPP.. #.#.##..#.....@$..P... .PPPP. #.#.##..#......$....... PP.PPP
#.#.###.#............. y..PPP ##.#.#####.......P..... ...... ##..#..##
#.........P... >PPPP. #..###..####............ ....#....########.......
..........# ....... ####.###### You could see a komodo dragon.

Vanquished Creatures
  Maurice (D:8)
  A kobold demonologist (D:6)
  Prince Ribbit (D:8)
  2 hornets
  Sigmund (D:2)
  2 yaks (D:10)
  Grum (D:8)
  3 vampire mosquitoes
  A steam dragon (D:8)
  Menkaure (D:5)
  2 acid dragons
  3 water moccasins
  3 ice beasts
  2 orc warriors (D:6)
  Duvessa (D:5)
  Purgy (Sewer)
  3 black bears
  A hornet zombie (D:7)
  A necrophage (D:3)
  4 ogres
  2 wolves
  2 centaurs
  4 kobold brigands
  2 bullfrogs (D:8)
  10 gnoll sergeants
  A wyvern zombie (D:8)
  5 scorpions
  A water moccasin skeleton (D:6)
  Dowan (D:5)
  A wyvern skeleton (D:7)
  3 killer bees (D:9)
  3 wights (D:9)
  4 howler monkeys
  An oklob sapling (D:7)
  A centaur zombie (D:9)
  8 gnoll shamans
  4 orc priests
  4 hounds
  3 iguanas
  2 centaur skeletons
  Jessica (D:3)
  A bullfrog skeleton (D:6)
  2 orc wizards
  28 gnolls
  7 adders
  A river rat (D:6)
  2 shadow imps
  2 white imps
  A worm zombie (D:5)
  An adder skeleton (D:5)
  20 orcs
  9 ball pythons
  2 bats (D:1)
  7 endoplasms
  5 giant cockroaches
  8 goblins
  6 hobgoblins
  6 jackals
  3 quokkas
  A frilled lizard (D:1)
  A jackal zombie (D:5)
  32 kobolds
  11 rats
254 creatures vanquished.

Vanquished Creatures (others)
  35 fungi (D:10)
  64 plants
99 creatures vanquished.

Grand Total: 353 creatures vanquished

Notes
Turn   | Place    | Note
-------+----------+-------------------------------------------
     0 | D:1      | potato4science the Octopode Artificer began the quest for
                  | the Orb.
     0 | D:1      | Reached XP level 1. HP: 13/13 MP: 1/1
   172 | D:1      | Reached skill level 1 in Unarmed Combat
   206 | D:1      | Found a faded altar of an unknown god.
   232 | D:1      | Reached XP level 2. HP: 16/18 MP: 2/2
   627 | D:1      | Reached skill level 2 in Stealth
  1411 | D:1      | Reached XP level 3. HP: 22/24 MP: 3/3
  1536 | D:1      | Reached skill level 3 in Stealth
  2207 | D:2      | Noticed Sigmund
  3364 | D:3      | Noticed a necrophage
  3575 | D:3      | Noticed Jessica
  3584 | D:3      | Killed Jessica
  3585 | D:3      | Reached XP level 4. HP: 25/29 MP: 4/4
  4145 | D:3      | Killed a necrophage
  4146 | D:3      | Reached skill level 4 in Stealth
  4146 | D:3      | Reached skill level 1 in Spellcasting
  4146 | D:3      | Reached XP level 5. HP: 26/35 MP: 6/6
  4538 | D:4      | Identified a scroll of acquirement
  4538 | D:4      | Acquired a +0 buckler of poison resistance
  4734 | D:4      | Noticed an ogre
  4878 | D:3      | Reached XP level 6. HP: 35/41 MP: 7/7
  5166 | D:4      | Reached skill level 1 in Shields
  5381 | D:4      | Reached XP level 7. HP: 40/46 MP: 10/10
  5425 | D:4      | Acquired the ring of Spontaneous Combustion {rF+++ Will+
                  | AC+4 Dex-4}
  5971 | D:5      | Entered Level 5 of the Dungeon
  6035 | D:5      | Noticed Menkaure
  6065 | D:5      | Killed Menkaure
  6066 | D:5      | Reached skill level 5 in Stealth
  6068 | D:5      | Noticed Duvessa
  6097 | D:5      | Reached skill level 6 in Stealth
  6644 | D:5      | Found a blossoming altar of Fedhas.
  6790 | D:5      | Reached XP level 8. HP: 13/54 MP: 11/11
  7116 | D:5      | Noticed Dowan
  7610 | D:5      | Killed Dowan
  7987 | D:6      | Found a glowing drain.
  7994 | Sewer    | Entered a sewer
  8065 | Sewer    | Noticed Purgy
  8085 | Sewer    | Killed Purgy
  8086 | Sewer    | Reached skill level 7 in Stealth
  8461 | D:6      | Noticed a kobold demonologist
  8486 | D:6      | Noticed a sun demon
  8486 | D:6      | Killed a kobold demonologist
  8692 | D:6      | Reached skill level 5 in Fighting
  8692 | D:6      | Reached skill level 5 in Dodging
  8692 | D:6      | Reached skill level 5 in Unarmed Combat
  8726 | D:6      | Reached XP level 9. HP: 51/61 MP: 12/12
  8731 | D:6      | Reached skill level 8 in Stealth
  8897 | D:6      | Found a bloodstained altar of Trog.
  8910 | D:6      | Noticed a hornet
  9031 | D:6      | Killed a hornet
  9032 | D:6      | Reached skill level 9 in Stealth
  9570 | D:6      | Reached skill level 10 in Stealth
  9900 | D:6      | Found a radiant altar of Vehumet.
 10626 | D:2      | Killed Sigmund
 11106 | D:5      | Found a blossoming altar of Fedhas.
 11377 | D:5      | Killed Duvessa
 12718 | D:7      | Learned a level 1 spell: Beastly Appendage
 12720 | D:7      | Learned a level 1 spell: Apportation
 12789 | D:7      | Found a shadowy altar of Dithmenos.
 12869 | D:7      | Found a staircase to the Ecumenical Temple.
 13147 | D:7      | Reached skill level 1 in Translocations
 13147 | D:7      | Reached skill level 1 in Transmutations
 13147 | D:7      | Reached XP level 10. HP: 65/68 MP: 13/13
 13511 | Temple   | Entered the Ecumenical Temple
 13566 | Temple   | Became a worshipper of Gozag Ym Sagoz the Greedy
 13585 | D:8      | Found a transporter.
 13587 | D:8      | Found a transporter.
 13588 | D:8      | Noticed a boulder beetle
 13620 | D:8      | Found a glowing silver altar of Zin.
 13621 | D:8      | Noticed an angel
 13624 | D:8      | Noticed Grum
 13953 | D:8      | Found an iron altar of Okawaru.
 14007 | D:8      | Noticed Prince Ribbit
 14013 | D:8      | Found a hide-covered altar of Uskayaw.
 14049 | D:8      | Killed Prince Ribbit
 14189 | D:8      | Found a flagged portal.
 14253 | Bailey   | Entered a bailey
 14799 | Bailey   | Identified the +6 scale mail of Huadeu {rF+ rN+ Regen+
                  | Slay+3}
 17338 | D:8      | Noticed Maurice
 17535 | D:8      | Killed Grum
 17848 | D:8      | Killed Maurice
 17849 | D:8      | Reached skill level 12 in Stealth
 18306 | D:9      | Reached skill level 13 in Stealth
 18331 | D:9      | Found a stormy altar of Qazlal.
 18595 | D:9      | Found a sacrificial altar of Ru.
 18806 | D:9      | Reached skill level 14 in Stealth
 18829 | D:9      | Reached XP level 11. HP: 75/75 MP: 14/14
 19197 | D:10     | Entered Level 10 of the Dungeon
 19281 | D:10     | Found a staircase to the Lair.
 19297 | D:9      | Reached skill level 15 in Stealth
 19682 | D:10     | Found a glowing golden altar of the Shining One.
 19724 | D:10     | Found a white marble altar of Elyvilon.
 19806 | D:10     | Reached skill level 16 in Stealth
 20085 | D:10     | Mangled by a komodo dragon

Illustrated notes

Levels and vault maps discovered:
D:1:      dpeg_arrival_long_road, layout_loops_ring,
          shapermc_ecumenical_altar_pompeii, minmay_misc_feat_plants,
          minmay_misc_feat_chi, hangedman_abyss_or_decor_lesser_grid,
          corexii_item_surrounded_by_moat
D:2:      layout_loops_ring, uniq_sigmund
D:3:      layout_loops_ring, minivault_19, grunt_ministairs_5, minivault_24,
          minivault_24, uniq_jessica
D:4:      layout_loops_ring
D:5:      wad_pebble_path, layout_basic, lemuel_tele_altar, enter_ossuary_3,
          uniq_duvessa, uniq_menkaure
D:6:      layout_gridville, amcnicky_altar_gilded, vehumet_statue,
          portal_sewer_entry_e, lightli_orcish_oven
D:7:      layout_cave_pools, nicolae_dithmenos_the_darkroom,
          minmay_temple_entry_oklob, grunt_decor_cap
D:8:      gammafunk_boulding_lane, layout_basic,
          nicolae_uskayaw_murder_on_the_dancefloor, zin_angel,
          okawaru_gym_becter, enter_bailey_8, uniq_prince_ribbit1, uniq_grum,
          uniq_maurice
D:9:      layout_roguey, mainiacjoe_overflow_boulevard,
          overflow_temple_1_default
D:10:     layout_irregular_city, kennysheep_little_box,
          nicolae_tso_swordbearing_angel, mainiacjoe_overflow_paths,
          due_lair_maze_entry_diamond, serial_shops, nicolae_lakefront_shop,
          nzn_random_ring, uniq_snorg
Temple:   eino_temple_lava

Skill      XL: |  1  2  3  4  5  6  7  8  9 10 11 |
---------------+----------------------------------+-----
Unarmed Combat | 1 2 3 5 6 7 |  7.0
Fighting       | 2 3 5 6 7 |  7.0
Stealth        | 2 3 4 6 7 10 14 16 | 16.7
Dodging        | 3 5 6 7 |  7.0
Spellcasting   | 1 2 |  2.0
Shields        | 3 4 |  4.0
Translocations | 1 2 |  2.0
Transmutations | 1 3 |  3.0
Evocations     | 4 |  4.0

Action                   |  1- 3 |  4- 6 |  7- 9 | 10-12 || total
-------------------------+-------+-------+-------+-------++-------
Melee: Unarmed           |   128 |    75 |   399 |   484 ||  1086
       Constrict         |    27 |    14 |    54 |    90 ||   185
       Tentacles         |    26 |    21 |    64 |    97 ||   208
       Punch             |     2 |     2 |    11 |    30 ||    45
       Kick              |       |       |       |    27 ||    27
Throw: Stone             |       |     1 |     1 |       ||     2
       Boomerang         |       |       |       |    17 ||    17
 Cast: Beastly Appendage |       |       |       |    11 ||    11
Evoke: Wand              |       |       |     9 |    20 ||    29
  Use: Scroll            |       |     9 |     4 |       ||    13
       Potion            |       |       |       |     4 ||     4
 Stab: Sleeping          |    15 |     2 |    12 |     5 ||    34
       Distracted        |       |     1 |       |     3 ||     4
Armor: Skin              |     4 |     1 |    40 |    38 ||    83
Dodge: Dodged            |    62 |    49 |   227 |   346 ||   684
Block: Other             |    18 |     3 |       |       ||    21
       Buckler           |       |    23 |   156 |   261 ||   440
       Reflection        |       |     1 |     8 |     7 ||    16
